 Dungeon Crawl Stone Soup version 0.21-a0-509-gecc5317 (webtiles) character file.

658 Gerstahl the Slasher (level 7, -3/68 HPs)
             Began as a Naga Gladiator on Nov 30, 2017.
             Was an Initiate of Okawaru.
             Slain by Duvessa
             ... wielding a +2 vampiric short sword
              (6 damage)
             ... on level 4 of the Dungeon.
             The game lasted 00:07:42 (4124 turns).

Gerstahl the Slasher (Naga Gladiator)               Turns: 4124, Time: 00:07:43

Health: -3/68      AC:  5    Str: 16    XL:     7   Next: 55%
Magic:  7/7        EV: 15    Int:  8    God:    Okawaru [......]
Gold:   219        SH:  0    Dex: 15    Spells: 6/6 levels left

rFire    . . .     SeeInvis +   a - +0 long sword
rCold    . . .     Gourm    .   (no shield)
rNeg     . . .     Faith    .   b - +0 leather armour
rPois    +         Spirit   .   c - +0 helmet
rElec    .         Reflect  .   (no cloak)
rCorr    +         Harm     .   q - +0 pair of gloves
MR       .....                  (no barding)
Stlth    +.........             (no amulet)
HPRegen  0.21/turn              w - ring of resist corrosion
MPRegen  0.10/turn              s - +5 ring of evasion

@: very slow
A: large, see invisible, deformed body, poison resistance, slowness 2, slow
metabolism 1, spit poison 1, AC +2
a: Spit Poison, Renounce Religion


You were on level 4 of the Dungeon.
You worshipped Okawaru.
Okawaru was noncommittal.
You were hungry.

You visited 2 branches of the dungeon, and saw 5 of its levels.

You collected 219 gold pieces.

Inventory:

Hand Weapons
 a - a +0 long sword (weapon)
Missiles
 d - 3 throwing nets (quivered)
Armour
 b - a +0 leather armour (worn)
 c - a +0 helmet (worn)
 q - a +0 pair of gloves (worn)
Jewellery
 p - an uncursed ring of poison resistance
 s - a +5 ring of evasion (right hand)
 w - a ring of resist corrosion (left hand)
Wands
 m - a wand of enslavement (12)
Scrolls
 g - a scroll of teleportation {unknown}
 h - a scroll of amnesia {unknown}
 i - 4 scrolls of blinking {unknown}
 l - 2 scrolls of remove curse {unknown}
 v - a scroll of fog {unknown}
 x - 2 scrolls of identify {unknown}
Potions
 e - a potion of curing {unknown}
 j - a potion of flight {unknown}
 k - a potion of lignification {unknown}
 n - a potion of degeneration {unknown}
 o - 3 potions of might {unknown}
Books
 r - a book of Minor Magic

   Spells                             Type                      Level
   a - Magic Dart                     Conjuration                  1
   b - Blink                          Translocation                2
   c - Call Imp                       Summoning                    2
   d - Slow                           Hexes                        2
   e - Conjure Flame                  Conjuration/Fire             3
   f - Mephitic Cloud                 Conjuration/Poison/Air       3
Comestibles
 f - 3 bread rations
 t - a meat ration
 u - a royal jelly


   Skills:
 + Level 5.9 Fighting
 + Level 6.4 Long Blades
 - Level 1.7 Throwing
 - Level 2.4 Dodging


You had 6 spell levels left.
You didn't know any spells.

Dungeon Overview and Level Annotations

Branches:
Dungeon (4/15)             Temple (1/1) D:4

Altars:
Hepliaklqana
Makhleb
Okawaru
Sif Muna
Uskayaw
Xom
Yredelemnul

Annotations:
D:4 Dowan, Duvessa


Innate Abilities, Weirdness & Mutations

You cannot wear boots.
Your serpentine skin is tough. (AC +2)
You have supernaturally acute eyesight. (SInv)
Armour fits poorly on your strangely shaped body.
Your system is resistant to poisons. (rPois)
You cover ground very slowly.
You have a slow metabolism.
You can spit poison.


Message History

Duvessa hits you but does no damage. Dowan casts a spell at you.
The puff of frost hits you!
* * * LOW HITPOINT WARNING * * *
Duvessa completely misses you.
You riposte.
You hit Duvessa but do no damage.
Duvessa is heavily wounded.
You are feeling hungry.
You hit Duvessa but do no damage.
Duvessa is heavily wounded.
Duvessa closely misses you. Dowan misses you.
You riposte.
You barely miss Dowan. Duvessa barely misses you.
You riposte.
You hit Duvessa but do no damage.
Duvessa is heavily wounded.
You hit Duvessa.
Duvessa is heavily wounded.
Dowan hits you but does no damage. Duvessa closely misses you.
You hit Duvessa.
Duvessa is heavily wounded.
Duvessa hits you with a vampiric short sword.
You die...

#..........#
##..........#
#...........#
##............#
#.............#
###...........#..
#.............##..
...#............#
..# ..#
#.....@......# .
#.....ee.....>#
#.............#
#.............#
#.............#
..............#
.............##
###......!..##


You could see Duvessa and Dowan.

Vanquished Creatures
  Sigmund (D:4)
  The ghost of Gerstahl the Slasher, an amateur NaGl (D:4)
  Menkaure (D:4)
  A hound (D:4)
  An orc wizard (D:4)
  An iguana (D:4)
  A worker ant (D:4)
  A hound skeleton (D:4)
  3 adders
  An ooze (D:1)
  2 worms
  A leopard gecko (D:4)
  7 orcs
  5 bats
  3 giant cockroaches
  7 goblins (D:1)
  9 hobgoblins
  8 jackals
  2 quokkas (D:3)
  A ball python (D:2)
  8 frilled lizards
  6 kobolds
  6 rats
77 creatures vanquished.

Notes
Turn   | Place    | Note
-------+----------+-------------------------------------------
     0 | D:1      | Gerstahl the Naga Gladiator began the quest for the Orb.
     0 | D:1      | Reached XP level 1. HP: 19/19 MP: 1/1
   105 | D:1      | Reached XP level 2. HP: 9/27 MP: 2/2
   547 | D:1      | Reached XP level 3. HP: 14/33 MP: 3/3
  1447 | D:2      | Reached skill level 4 in Long Blades
  1447 | D:2      | Reached XP level 4. HP: 36/42 MP: 4/4
  3063 | D:4      | Reached XP level 5. HP: 37/50 MP: 5/5
  3263 | D:4      | Reached skill level 5 in Long Blades
  3263 | D:4      | Reached XP level 6. HP: 35/58 MP: 6/6
  3397 | D:4      | Noticed Menkaure
  3409 | D:4      | Killed Menkaure
  3422 | D:4      | Noticed Sigmund
  3446 | D:4      | Killed Sigmund
  3446 | D:4      | Reached skill level 5 in Fighting
  3446 | D:4      | Reached skill level 6 in Long Blades
  3446 | D:4      | Reached XP level 7. HP: 41/67 MP: 7/7
  3603 | D:4      | Found a staircase to the Ecumenical Temple.
  3616 | D:4      | Noticed Gerstahl's ghost (amateur NaGl)
  3626 | Temple   | Entered the Ecumenical Temple
  3664 | Temple   | Became a worshipper of Warmaster Okawaru
  3762 | D:4      | Killed Gerstahl's ghost
  4103 | D:4      | Noticed Dowan
  4105 | D:4      | Noticed Duvessa
  4121 | D:4      | HP: 3/68 [Dowan/puff of frost (12)]
  4124 | D:4      | Slain by Duvessa

Vault maps used:
D:1:      minmay_arrival_nine_rooms, minmay_misc_feat_room,
          minmay_misc_feat_columns
D:2:      first_bread
D:4:      temple_green, uniq_duvessa, uniq_sigmund, uniq_menkaure
Temple:   dpeg_five_rooms_temple

Skill      XL: |  1  2  3  4  5  6 |
---------------+-------------------+-----
Fighting       | 3 4 5 |  5.9
Long Blades    | 4 5 6 |  6.4
Throwing       | |  1.7
Dodging        | |  2.4

Action                   |  1- 3 |  4- 6 |  7- 9 || total
-------------------------+-------+-------+-------++-------
Melee: Long sword        |    93 |   105 |    37 ||   235
Throw: Throwing net      |       |     1 |       ||     1
 Abil: Spit Poison       |     8 |    15 |     2 ||    25
  Eat: Chunk             |     1 |     6 |       ||     7
       Royal jelly       |       |       |     1 ||     1
Armor: Leather armour    |    41 |    37 |    12 ||    90
Dodge: Dodged            |    62 |    83 |    29 ||   174
       Rpst.: Long sword |    23 |    31 |    10 ||    64

Table legend:
 A = Spawn XP
 B = Non-spawn XP
 C = Spawn XP percentage of total XP
 D = Spawn monster count
 E = Non-spawn monster count
 F = Spawn count percentage of total count
 G = Total turns spent on level
                    A         B        C        D         E        F      G
               +---------+---------+-------+---------+---------+-------+---------
         Total |       0 |     940 |   0.0 |       0 |      77 |   0.0 |  4124
               +---------+---------+-------+---------+---------+-------+---------
           D:1 |       0 |      56 |   0.0 |       0 |      31 |   0.0 |  1082
           D:2 |       0 |      35 |   0.0 |       0 |      14 |   0.0 |   958
           D:3 |       0 |      58 |   0.0 |       0 |      17 |   0.0 |  1019
           D:4 |       0 |     791 |   0.0 |       0 |      15 |   0.0 |   941
               +---------+---------+-------+---------+---------+-------+---------
